 Dungeon Crawl Stone Soup version 0.32-a0-468-g38b2580584 (webtiles) character file.

Game seed: 13695377761463535927

20930 ezpacito the Trooper (level 12, -4/91 HPs)
             Began as a Demonspawn Chaos Knight on Feb 24, 2024.
             Was a Plaything of Xom.
             Slain by a vampire (5 damage)
             ... on level 9 of the Dungeon.
             The game lasted 00:17:59 (8049 turns).

ezpacito the Trooper (Demonspawn Chaos Knight)      Turns: 8049, Time: 00:17:59

Health: -4/91      AC: 23    Str: 17      XL:     12   Next: 49%
Magic:  20/20      EV:  9    Int: 15 (16) God:    Xom [*.....]
Gold:   886        SH:  4    Dex: 15 (16) Spells: 5/22 levels left

rFire   + . .        a - +0 hand axe (chaos)
rCold   . . .        r - +0 buckler
rNeg    . . .        B - +0 plate armour
rPois   .            q - +2 helmet
rElec   .            Q - +3 cloak "Ulap Cie" {Will+}
rCorr   +            I - +2 pair of gloves
SInv    .            (no boots)
Will    +....        t - dreamdust necklace {Acrobat} Stlth
                     f - ring "Lematt" {*Corrode rF+ Int+4 Dex+4}
HPRegen 0.35/turn    A - ring of resist corrosion
MPRegen 0.17/turn

%: corrode self (3%), acrobat
@: no status effects
A: hooves 2, ignite blood 2, powered by death 1, sturdy frame 2, clumsy 1,
deterioration 2, MP-powered wands
a: Renounce Religion


You were on level 9 of the Dungeon.
You worshipped Xom.
You were a special plaything of Xom.
You visited 2 branches of the dungeon, and saw 10 of its levels.

You collected 886 gold pieces.

Inventory:

Hand Weapons
 a - a +0 hand axe of chaos (weapon)
 b - a +1 war axe of electrocution
 h - a +1 scimitar of flaming
 T - a +2 battleaxe of draining
Missiles
 z - 11 poisoned darts (quivered)
 K - 8 curare-tipped darts
Armour
 q - a +2 helmet (worn)
 r - a +0 buckler (worn)
 B - a +0 plate armour (worn)
 I - a +2 pair of gloves (worn)
 Q - the +3 cloak "Ulap Cie" (worn) {Will+}
   (You found it on level 9 of the Dungeon)

   Will+:     It increases your willpower.
Magical Staves
 v - a staff of death
Jewellery
 f - the ring "Lematt" (left hand) {*Corrode rF+ Int+4 Dex+4}
   (You took it off an orc warrior on level 9 of the Dungeon)

   [ring of protection from fire]

   Int+4:     It affects your intelligence (+4).
   Dex+4:     It affects your dexterity (+4).
   rF+:       It protects you from fire.
   *Corrode:  It may corrode you when you take damage.
 n - a +4 ring of protection
 t - the dreamdust necklace (around neck) {Acrobat}
   (You found it on level 9 of the Dungeon)

   [amulet of the acrobat]

   Acrobat:   It increases your evasion while moving and waiting.
 A - a ring of resist corrosion (right hand)
 M - a ring of flight
 O - the amulet "Koeghoh" {Faith +Blink rC+}
   (You found it on level 8 of the Dungeon)

   [amulet of faith]

   Faith:     It allows you to gain divine favour quickly.
   rC+:       It protects you from cold.
   +Blink:    It lets you blink.
Talismans
 e - a flux talisman
 g - a blade talisman
 C - a maw talisman
Wands
 l - a wand of flame (21)
 x - a wand of paralysis (6)
Scrolls
 c - 2 scrolls of butterflies
 d - 3 scrolls of blinking
 j - 4 scrolls of teleportation
 k - a scroll of enchant armour {unknown}
 o - a scroll of amnesia {unknown}
 p - a scroll of fear {unknown}
 E - a scroll of immolation
 G - a scroll of revelation {unknown}
 L - a scroll of acquirement {unknown}
Potions
 i - 3 potions of attraction
 w - a potion of lignification
 J - a potion of curing
Miscellaneous
 u - a sack of spiders (inert)
 F - a phantom mirror (inert)


   Skills:
 * Level 7.0 Fighting
 * Level 6.3(6.8) Axes
 + Level 3.7(5.5) Polearms
 + Level 2.9 Throwing
 * Level 6.0 Armour
 * Level 5.7 Dodging
 + Level 4.1 Stealth
 * Level 5.7 Unarmed Combat
 * Level 5.7 Spellcasting
 * Level 5.6 Conjurations
 * Level 4.0 Necromancy
 + Level 3.1 Translocations
 + Level 2.1 Ice Magic
 + Level 2.4 Earth Magic
 + Level 2.4 Alchemy
 * Level 5.7 Evocations
 - Level 0.8 Shapeshifting


You had 5 spell levels left.
You knew the following spells:

 Your Spells              Type           Power      Damage    Failure   Level
a - Momentum Strike       Conj/Tloc      34%        3d8       41%         2
b - Blink                 Tloc           26%        N/A       58%         2
c - Lesser Beckoning      Tloc           26%        N/A       58%         2
d - Magic Dart            Conj           84%        1d7       17%         1
e - Fugue of the Fallen   Necr           16%        N/A       71%         3
f - Ozocubu's Armour      Ice            10%        N/A       92%         3
g - Petrify               Alch/Erth      11%        N/A       100%        4

Your spell library contained the following spells:

 Spells                   Type           Power      Damage    Failure   Level
 Sublimation of Blood     Necr           16%        N/A       45%         2
 Shock                    Conj/Air       48%        1d6       50%         1
 Call Imp                 Summ           8%         N/A       95%         2
 Call Canine Familiar     Summ           4%         N/A       99%         3
 Sigil of Binding         Hex            4%         N/A       99%         3
 Swiftness                Air            4%         N/A       99%         3
 Manifold Assault         Tloc           13%        N/A       99%         4
 Airstrike                Air            2%         2d(1-17)  100%        4
 Anguish                  Hex/Necr       5%         N/A       100%        4
 Cause Fear               Hex            2%         N/A       100%        4
 Dimensional Bullseye     Hex/Tloc       4%         N/A       100%        4
 Irradiate                Conj/Alch      8%         3d14      100%        5
 Summon Forest            Summ/Tloc      4%         N/A       100%        5
 Summon Mana Viper        Hex/Summ       4%         N/A       100%        5
 Summon Cactus Giant      Summ           2%         N/A       100%        6
 Enfeeble                 Hex            2%         N/A       100%        7


Dungeon Overview and Level Annotations

Branches:
Dungeon (9/15)             Temple (1/1) D:7
   Lair: D:8-11         Orc: D:9-12

Altars:
Ashenzari
Cheibriados
Dithmenos
Fedhas
Gozag
Hepliaklqana
Kikubaaqudgha
Makhleb
Nemelex Xobeh
Qazlal
Ru
Sif Muna
Trog
Uskayaw
Vehumet
Wu Jian
Yredelemnul

Shops:
D:2 (   D:3 :   D:5 *


Innate Abilities, Weirdness & Mutations

You have hoof-like feet.
Your demonic aura often causes spilled blood to erupt in flames.
You regenerate a little health from kills.
Your movements are less encumbered by armour. (ER -4)
You are clumsy. (Dex -2)
Your body often deteriorates upon taking damage.
You expend magic power (3 MP) to strengthen your wands.


Message History

* * * LOW HITPOINT WARNING * * *
Something bites you.
* * * LOW HITPOINT WARNING * * *
Something draws strength from your injuries!
Something hits you but does no damage. Something bites you but does no damage.
You miss something. Your kick misses something. You block something's attack.
Something bites you but does no damage.
You barely miss something. Your kick misses something.
You are no longer corroded.
Something hits you but does no damage. Something bites you but does no damage.
Something hits you but does no damage. Something bites you but does no damage.
You closely miss something. Your kick misses something.
Something hits you but does no damage. Something bites you but does no damage.
You hit something. You kick something.
Something you can't see is thrashing in a web.
You barely miss something. Your kick misses something.
Something hits you but does no damage. Something bites you but does no damage.
You barely miss something. Your kick misses something.
Something hits you but does no damage. Something bites you but does no damage.
You completely miss something. Something hits you but does no damage.
Something bites you.
* * * LOW HITPOINT WARNING * * *
Something draws strength from your injuries!
You miss something. Your kick misses something.
Something hits you but does no damage. Something bites you but does no damage.
You barely miss something. You kick something.
Something hits you but does no damage. Something bites you but does no damage.
You miss something. Your kick misses something.
Something hits you but does no damage. Something completely misses you.
You hit something. You kick something. Something hits you but does no damage.
Something bites you but does no damage.
You closely miss something. Your kick misses something. Something hits you.
* * * LOW HITPOINT WARNING * * *
Something bites you.
Your necklace shatters, unleashing a wave of protective dreams!
You dream of life, friendship, and clouds.
Something draws strength from your injuries!
You hit something but do no damage. Your kick misses something.
Something hits you.
You die...

#
#..............#########..##.##
#######.######.# ####.......
,,,, , #.# ###.#* * #.."...>.##
** * *#.####....,,,,#...#.##.#
*,*#...##.#.# **#.#.#.####
,*#.#.##.#.# #.#.#.#.### ,
#.#.##.#k# #.#.#.#....
*,*#.#.##.#{# #.#.#.#.###
*,##.#.##.#@# ###.#.#.#.#
,#......Too# #.......#.#
,####.##z### #.#.#.###.### ,*
#.##.# #.#.......... ,* ####.#*
###.###.####### *, #.., #...#
#.# ,* ** *###*,#.#####.# *,,
,, ,, ,#.......# * #######.#


You could see a friendly troll (summoned), a friendly orc warrior (summoned), a
friendly wyvern (summoned), a friendly wight (summoned) and a friendly orc
(summoned).

Vanquished Creatures
  A centaur warrior (D:9)
  3 two-headed ogres (D:9)
  An ugly thing (D:9)
  An ice statue (D:8)
  2 kobold demonologists (D:9)
  Maggie (D:6)
  Grinder (D:4)
  Sigmund (D:6)
  A vampire (D:9)
  A wraith (D:9)
  A shadow (D:9)
  A yak (D:9)
  A slime creature (D:9)
  A steam dragon (D:9)
  A naga (D:5)
  Edmund (D:6)
  3 water moccasins
  2 ice beasts (D:5)
  A sky beast (D:9)
  9 orc warriors
  2 black bears
  2 ogres
  6 centaurs
  3 kobold brigands (D:9)
  Blork the orc (D:5)
  8 bullfrogs
  3 scorpions
  A gnoll sergeant (D:9)
  9 wights
  8 killer bees
  4 electric eels (D:8)
  A bombardier beetle (D:5)
  Crazy Yiuf (D:5)
  2 hounds (D:6)
  2 gnoll boudas (D:9)
  8 orc priests
  6 iguanas
  5 sleepcaps
  Jessica (D:2)
  12 orc wizards
  Ijyb (D:5)
  Robin (D:3)
  2 gnolls (D:2)
  10 adders
  A shadow imp (D:6)
  2 white imps
  A howler monkey simulacrum (D:9)
  An ufetubus (D:6)
  2 ribbon worms
  3 dart slugs
  18 orcs
  5 endoplasms
  5 giant cockroaches
  14 goblins
  14 hobgoblins
  6 jackals (D:1)
  3 quokkas
  11 ball pythons
  8 bats
  2 frilled lizards (D:2)
  25 kobolds
  5 rats
259 creatures vanquished.

Vanquished Creatures (collateral kills)
  A hornet (D:9)
  An ogre (D:4)
  A phantom (D:4)
  A kobold brigand (D:8)
  4 killer bees (D:9)
  An orc priest (D:3)
  A bombardier beetle (D:4)
  A jelly (D:4)
  An adder (D:4)
  An ufetubus (D:6)
  A ribbon worm (D:3)
  2 orcs (D:3)
  2 endoplasms
18 creatures vanquished.

Vanquished Creatures (others)
  An ugly thing (D:9)
  An orc wizard (D:8)
  A gnoll (D:2)
  An orc (D:8)
4 creatures vanquished.

Grand Total: 281 creatures vanquished

Notes
Turn   | Place    | Note
-------+----------+-------------------------------------------
     0 | D:1      | ezpacito the Demonspawn Chaos Knight began the quest for
                  | the Orb.
     0 | D:1      | Reached XP level 1. HP: 18/18 MP: 1/1
    53 | D:1      | Reached skill level 1 in Dodging
   155 | D:1      | XOM: silly message
   172 | D:1      | Gained mutation: You regenerate a little health from kills.
                  | [demonic ancestry]
   172 | D:1      | Reached XP level 2. HP: 24/24 MP: 2/2
   255 | D:1      | XOM: silly message
   308 | D:1      | Reached skill level 1 in Unarmed Combat
   308 | D:1      | Gained mutation: Your movements are slightly less
                  | encumbered by armour. (ER -2) [demonic ancestry]
   308 | D:1      | Reached XP level 3. HP: 29/29 MP: 3/3
   371 | D:1      | You fall into a shaft and drop 1 floor!
   380 | D:2      | XOM: silly message
   421 | D:2      | Found Qeinyem's Antique Weapon Emporium.
   428 | D:2      | Noticed Jessica
   438 | D:2      | Killed Jessica
   439 | D:2      | Reached skill level 1 in Spellcasting
   439 | D:2      | Reached XP level 4. HP: 32/35 MP: 5/5
   446 | D:2      | XOM: noise
  1018 | D:2      | XOM: silly message
  1122 | D:2      | Found a faded altar of an unknown god.
  1183 | D:2      | XOM: divination: detect creatures
  1188 | D:2      | Gained mutation: Your movements are less encumbered by
                  | armour. (ER -4) [demonic ancestry]
  1188 | D:2      | Reached XP level 5. HP: 41/41 MP: 6/6
  1524 | D:3      | XOM: summons 4 friendly demons
  1600 | D:3      | Reached skill level 1 in Stealth
  1601 | D:3      | Found Cerazet's Book Shop.
  1605 | D:3      | Reached XP level 6. HP: 48/48 MP: 8/8
  1672 | D:3      | Noticed Robin
  1688 | D:3      | Killed Robin
  2049 | D:4      | XOM: enchant monster (good)
  2062 | D:4      | Reached skill level 4 in Fighting
  2062 | D:4      | Reached skill level 1 in Evocations
  2063 | D:4      | XOM: summons 1 friendly demon
  2069 | D:4      | XOM: enchant monster (bad)
  2070 | D:4      | Reached skill level 1 in Polearms
  2078 | D:4      | XOM: give mutations
  2078 | D:4      | Gained mutation: You sometimes lose your temper in combat.
                  | [Xom's mischief]
  2078 | D:4      | Gained mutation: You have an uncontrollable temper. [Xom's
                  | mischief]
  2078 | D:4      | Gained mutation: You have sharp toenails. [Xom's mischief]
  2078 | D:4      | Gained mutation: Your body sometimes deteriorates upon
                  | taking damage. [Xom's mischief]
  2079 | D:4      | XOM: fake destruction
  2081 | D:4      | Reached skill level 1 in Conjurations
  2085 | D:4      | Gained mutation: Your demonic aura sometimes causes spilled
                  | blood to erupt in flames. [demonic ancestry]
  2085 | D:4      | Reached XP level 7. HP: 41/54 MP: 10/10
  2154 | D:4      | XOM: summons 7 friendly demons
  2263 | D:4      | Noticed Grinder
  2267 | D:4      | Paralysed by Grinder for 5 turns
  2269 | D:4      | XOM: enchant monster (bad)
  2271 | D:4      | XOM: smoke on damage
  2291 | D:4      | Paralysed by something for 2 turns
  2300 | D:4      | Killed Grinder
  2412 | D:4      | Learned a level 2 spell: Momentum Strike
  2415 | D:4      | Learned a level 2 spell: Blink
  2418 | D:4      | Learned a level 2 spell: Lesser Beckoning
  2716 | D:4      | XOM: silly message
  2752 | D:4      | XOM: give mutations
  2752 | D:4      | Lost mutation: You have sharp toenails. [Xom's mischief]
  2752 | D:4      | Gained mutation: Your muscles are strong. (Str +4, Int/Dex
                  | -1) [Xom's mischief]
  2770 | D:5      | Entered Level 5 of the Dungeon
  2872 | D:5      | XOM: enchant monster (bad)
  2876 | D:5      | Reached XP level 8. HP: 61/61 MP: 12/12
  2958 | D:5      | Found Genaroyz's Lightly-Used Armoury.
  3157 | D:5      | Noticed Ijyb
  3158 | D:5      | Paralysed by Ijyb for 5 turns
  3165 | D:5      | Killed Ijyb
  3373 | D:5      | Noticed Blork the orc
  3378 | D:5      | XOM: confusion
  3387 | D:5      | Killed Blork the orc
  3495 | D:5      | XOM: god gift: plate armour {god gift}
  3567 | D:5      | Found a runed translucent door.
  3568 | D:5      | Noticed Crazy Yiuf
  3576 | D:5      | Killed Crazy Yiuf
  3693 | D:6      | XOM: scenery: summon butterflies
  3829 | D:6      | Noticed Sigmund
  3851 | D:6      | Killed Sigmund
  3852 | D:6      | Reached skill level 5 in Fighting
  3852 | D:6      | Reached skill level 1 in Translocations
  3928 | D:6      | Gained mutation: You have large cloven feet. [demonic
                  | ancestry]
  3928 | D:6      | Reached XP level 9. HP: 68/68 MP: 14/14
  3979 | D:6      | XOM: 4-stop teleportation journey
  3981 | D:6      | XOM: enchant monster (bad)
  3986 | D:6      | XOM: silly message
  4023 | D:6      | Noticed Maggie
  4032 | D:6      | Killed Maggie
  4076 | D:6      | Noticed Edmund
  4089 | D:6      | Killed Edmund
  4090 | D:6      | Reached skill level 1 in Throwing
  4307 | D:6      | XOM: summons 3 hostile shadow creatures
  4554 | D:7      | Found a hide-covered altar of Uskayaw.
  4652 | D:7      | Found a basalt altar of Yredelemnul.
  4752 | D:7      | XOM: summons friendly quasit
  4798 | D:7      | XOM: cloud trail
  5083 | D:7      | Found a staircase to the Ecumenical Temple.
  5113 | D:7      | XOM: god gift: falchion {god gift}
  5147 | Temple   | Entered the Ecumenical Temple
  5315 | D:7      | Reached skill level 5 in Axes
  5315 | D:7      | XOM: summons 5 friendly demons
  5465 | D:8      | XOM: confuse monster(s)
  5497 | D:8      | Gained mutation: You have hoof-like feet. [demonic
                  | ancestry]
  5497 | D:8      | Reached XP level 10. HP: 75/75 MP: 16/16
  5632 | D:8      | Learned a level 1 spell: Magic Dart
  5636 | D:8      | Learned a level 3 spell: Fugue of the Fallen
  5644 | D:8      | XOM: destruction
  5653 | D:8      | XOM: 1-stop teleportation journey
  5658 | D:8      | Learned a level 3 spell: Ozocubu's Armour
  5663 | D:8      | Learned a level 4 spell: Petrify
  5810 | D:8      | XOM: confuse monster(s)
  6130 | D:8      | Found a hazy altar of Hepliaklqana.
  6292 | D:8      | Noticed an ice statue
  6292 | D:8      | XOM: 1-stop teleportation journey
  6389 | D:8      | XOM: cast spell 'Animate Armour'
  6399 | D:8      | Killed an ice statue
  6416 | D:8      | Identified the amulet "Koeghoh" {Faith +Blink rC+}
  6459 | D:8      | XOM: cloud trail
  6490 | D:9      | Reached skill level 1 in Necromancy
  6490 | D:9      | Reached skill level 1 in Alchemy
  6495 | D:9      | Reached skill level 1 in Earth Magic
  6752 | D:9      | XOM: cast spell 'Fugue of the Fallen'
  6757 | D:9      | Reached skill level 6 in Fighting
  6769 | D:9      | XOM: cast spell 'Leda's Liquefaction'
  6772 | D:9      | XOM: cast spell 'Death Channel'
  6773 | D:9      | Reached skill level 5 in Armour
  6773 | D:9      | Reached skill level 1 in Ice Magic
  6865 | D:9      | Noticed a centaur warrior
  6871 | D:9      | XOM: summons 2 friendly demons
  6873 | D:9      | Killed a centaur warrior
  6873 | D:9      | XOM: summons friendly quasit
  6953 | D:9      | Noticed a red ugly thing
  6953 | D:9      | Noticed a red ugly thing
  6964 | D:9      | XOM: cast spell 'Metabolic Englaciation'
  6975 | D:9      | Killed a cyan ugly thing
  6976 | D:9      | Reached XP level 11. HP: 81/81 MP: 18/18
  6977 | D:9      | XOM: smoke on damage
  6985 | D:9      | Killed a purple ugly thing
  7071 | D:9      | Found the dreamshard necklace {Acrobat *Dream}
  7073 | D:9      | Identified the +3 short sword of Duucsor {heavy, Fly rElec}
  7073 | D:9      | Identified the +3 cloak "Ulap Cie" {Will+}
  7119 | D:9      | XOM: noise
  7124 | D:9      | Reached skill level 5 in Dodging
  7133 | D:9      | Noticed a two-headed ogre
  7137 | D:9      | XOM: summons 4 friendly demons
  7142 | D:9      | Killed a two-headed ogre
  7143 | D:9      | Reached skill level 5 in Unarmed Combat
  7143 | D:9      | Reached skill level 5 in Spellcasting
  7167 | D:9      | XOM: cast spell 'Summon Cactus Giant'
  7455 | D:9      | XOM: smoke on damage
  7610 | D:9      | Identified the ring "Lematt" {*Corrode rF+ Int+4 Dex+4}
  7612 | D:9      | Noticed a two-headed ogre
  7615 | D:9      | Noticed a two-headed ogre
  7620 | D:9      | XOM: chaos upgrade
  7626 | D:9      | Reached skill level 5 in Evocations
  7629 | D:9      | Reached skill level 5 in Conjurations
  7639 | D:9      | Lost mutation: Your muscles are strong. (Str +4, Int/Dex
                  | -1) [potion of mutation]
  7639 | D:9      | Lost mutation: You have an uncontrollable temper. [potion
                  | of mutation]
  7639 | D:9      | Lost mutation: You sometimes lose your temper in combat.
                  | [potion of mutation]
  7639 | D:9      | Gained mutation: You are clumsy. (Dex -2) [potion of
                  | mutation]
  7639 | D:9      | Gained mutation: Your body often deteriorates upon taking
                  | damage. [potion of mutation]
  7639 | D:9      | Gained mutation: You expend magic power (3 MP) to
                  | strengthen your wands. [potion of mutation]
  7648 | D:9      | Killed a two-headed ogre
  7667 | D:9      | XOM: potion effect (experience)
  7667 | D:9      | Gained mutation: Your demonic aura often causes spilled
                  | blood to erupt in flames. [demonic ancestry]
  7667 | D:9      | Reached XP level 12. HP: 41/89 MP: 1/20
  7668 | D:9      | Killed a two-headed ogre
  7669 | D:9      | Reached skill level 7 in Fighting
  7690 | D:9      | XOM: divination: magic mapping
  8043 | D:9      | HP: 4/91 [something (5)]
  8048 | D:9      | HP: 2/91 [something (4)]
  8048 | D:9      | Saved by the dreamshard amulet
  8049 | D:9      | Slain by a vampire

Illustrated notes

Levels and vault maps discovered:
D:1:      scummos_arrival_forest, layout_basic
D:2:      layout_loops_ring, nicolae_ecumenical_snake_handling, serial_shops,
          nicolae_square_shop, uniq_jessica
D:3:      layout_rooms, serial_shops, shop, chequers_arboretum, uniq_robin
D:4:      layout_basic, minmay_unequal, uniq_grinder
D:5:      layout_basic, minmay_shop_damaged, uniq_crazy_yiuf_cottage, uniq_ijyb,
          uniq_blork_the_orc
D:6:      layout_basic, marbit_many_paths, uniq_edmund, uniq_sigmund,
          uniq_maggie
D:7:      layout_loops_ring, kennysheep_ying_yang, lemuel_tele_altar,
          minmay_temple_entry_statues, hellmonk_no_cap
D:8:      statuecave_lemuel, layout_layer_cave, nzn_hepliaklqana_mist_gate
D:9:      minmay_the_grid_3x3 [minmay_the_grid_garden,
          minmay_the_grid_tiny_cups, minmay_the_grid_tree,
          minmay_the_grid_odd_star, minmay_the_grid_medium_cups,
          minmay_the_grid_holed_spiral, minmay_the_grid_dragon_b,
          minmay_the_grid_plusring, minmay_the_grid_prize_shrinking_boxes],
          layout_basic
Temple:   nicolae_temple_ecumenical_triangle

Skill      XL: |  1  2  3  4  5  6  7  8  9 10 11 12 |
---------------+-------------------------------------+-----
Dodging        | 1 2 3 4 5 |  5.7
Unarmed Combat | 1 2 3 4 5 |  5.7
Armour         | 2 3 4 5 6 |  6.0
Axes           | 3 4 5 6 |  6.3
Spellcasting   | 1 2 3 4 5 |  5.7
Stealth        | 1 2 3 4 |  4.1
Fighting       | 4 5 6 7 |  7.0
Evocations     | 1 2 3 4 5 |  5.7
Polearms       | 1 2 3 |  3.7
Conjurations   | 1 2 3 4 5 |  5.6
Translocations | 1 2 3 |  3.1
Throwing       | 1 2 |  2.9
Necromancy     | 2 3 4 |  4.0
Alchemy        | 1 2 |  2.4
Earth Magic    | 1 2 |  2.4
Ice Magic      | 1 2 |  2.1
Shapeshifting  | |  0.8

Action                     |  1- 3 |  4- 6 |  7- 9 | 10-12 || total
---------------------------+-------+-------+-------+-------++-------
  Melee: Hand axe          |    80 |   229 |   354 |   356 ||  1019
         Kick              |       |       |    16 |   120 ||   136
  Evoke: Wand              |       |       |       |    29 ||    29
         Phantom mirror    |       |       |       |     2 ||     2
         Sack of spiders   |       |       |       |     1 ||     1
    Use: Potion            |       |     5 |     1 |     6 ||    12
         Scroll            |       |       |     4 |     2 ||     6
   Stab: Paralysed         |       |     1 |     1 |     1 ||     3
         Petrified         |       |     1 |       |       ||     1
         Confused          |       |     1 |     4 |     7 ||    12
         Held in net/web   |       |       |       |     1 ||     1
 Armour: Leather armour    |    56 |    17 |       |       ||    73
         Chain mail        |       |   145 |    89 |       ||   234
         Skin              |       |    37 |     3 |       ||    40
         Plate armour      |       |       |   255 |   488 ||   743
  Dodge: Dodged            |    39 |   127 |   177 |   172 ||   515
  Block: Buckler           |       |     5 |    63 |    74 ||   142

Table legend: (Time is in decaauts)
 A = Elapsed time spent in this place.
 B = Non-inter-level travel time spent in this place.
 C = Inter-level travel time spent in this place.
 D = Time resting spent in this place.
 E = Time spent auto-exploring this place.
 F = Levels seen in this place.
 G = Mean time per level.
                   A        B        C        D        E       F      G
               +--------+--------+--------+--------+--------+-----+--------+
         Total |   8425 |   8038 |    387 |    497 |   5257 |  10 |  842.5 |
       Dungeon |   8423 |   8037 |    386 |    497 |   5257 |   9 |  935.9 |
        Temple |      1 |      1 |      0 |      0 |      0 |   1 |    1.0 |
               +--------+--------+--------+--------+--------+-----+--------+

Top non-repeatable levels by time:
     D:9: 1637 daAuts
     D:8: 1075 daAuts
     D:7: 995 daAuts
     D:5: 965 daAuts
     D:6: 899 daAuts
     D:1: 818 daAuts
     D:4: 791 daAuts
     D:2: 730 daAuts
     D:3: 508 daAuts
  Temple: 1 daAuts
